 Dungeon Crawl Stone Soup version 0.24-a0-429-g4608c8fa30 (webtiles) character file.

Game seed: 10516841546906328141

2378 emperorscorpion the Cleaver (level 9, -2/81 HPs)
             Began as a Minotaur Berserker on June 13, 2019.
             Was an Elder of Trog.
             Slain by Nessos (4 damage)
             ... on level 12 of the Dungeon.
             The game lasted 00:15:44 (1672 turns).

emperorscorpion the Cleaver (Minotaur Berserker)    Turns: 1672, Time: 00:15:46

Health: -2/81      AC: 10    Str: 25    XL:     9   Next: 21%
Magic:  8/8        EV: 10    Int:  9    God:    Trog [****..]
Gold:   182        SH:  0    Dex: 10    Spells: 8/8 levels left

rFire    . . .     SeeInvis .   a - +0 hand axe
rCold    + . .     Gourm    .   (no shield)
rNeg     . . .     Faith    .   m - +0 chain mail
rPois    .         Spirit   .   (helmet restricted)
rElec    .         Reflect  .   (no cloak)
rCorr    .         Harm     .   (no gloves)
MR       ++...                  (no boots)
Stlth    ..........             (no amulet)
HPRegen  1.23/turn              o - ring of stealth
MPRegen  0.11/turn              s - ring of protection from cold

@: brilliant, lethally poisoned (-2 -> -7), berserk cooldown, regenerating,
slowed, very slow
A: retaliatory headbutt, horns 2
a: Berserk, Trog's Hand, Brothers in Arms, Renounce Religion


You were on level 12 of the Dungeon.
You worshipped Trog.
Trog was greatly pleased with you.
You were not hungry.

You visited 1 branch of the dungeon, and saw 12 of its levels.
You also visited: Sewer.

You collected 182 gold pieces.

Inventory:

Hand Weapons
 a - a +0 hand axe (weapon)
 h - a cursed +5 spear
 n - a +0 spear
Missiles
 d - 3 boomerangs (quivered)
 l - 7 poisoned darts
Armour
 b - a +0 animal skin
 m - a +0 chain mail (worn)
Magical Staves
 f - an uncursed staff of poison {unknown}
Jewellery
 o - a ring of stealth (left hand)
 s - a ring of protection from cold (right hand)
Wands
 q - a wand of iceblast (21)
 u - a wand of flame (24)
Scrolls
 e - a scroll of blinking
 k - 2 scrolls of remove curse
 p - 2 scrolls of teleportation
Potions
 g - 2 potions of cancellation
 i - 5 potions of flight
Comestibles
 c - a ration
 t - 3 chunks of flesh


   Skills:
 + Level 8.1 Fighting
 + Level 10.1 Axes
 + Level 1.9 Throwing
 + Level 6.8 Armour
 + Level 4.8 Dodging
 + Level 1.5 Stealth


You had 8 spell levels left.
You didn't know any spells.
Your spell library contained the following spells:

 Spells                   Type           Power        Failure   Level  Hunger
 Ice Form                 Ice/Tmut       #.......     86%         4    #####..
 Metabolic Englaciation   Hex/Ice        #.........   99%         5    ######.
 Bolt of Cold             Conj/Ice       #.........   100%        6    #######
 Freezing Cloud           Conj/Ice/Air   #.........   100%        6    #######
 Ozocubu's Refrigeration  Ice            #.........   100%        6    #######
 Simulacrum               Ice/Necr       #.........   100%        6    #######


Dungeon Overview and Level Annotations

Branches:
Dungeon (12/15)
 Temple: D:4-7         Lair: D:8-11         Orc: D:9-12

Altars:
Nemelex Xobeh
Uskayaw

Annotations:
D:8 Grum
D:12 Nessos


Innate Abilities, Weirdness & Mutations

You reflexively headbutt those who attack you in melee.
You have a pair of horns on your head.


Message History

Evoke which item? (* to show all) (? for menu, Esc to quit)
Aiming: Iceblast
Press: ? - help, Shift-Dir - straight line, f - Nessos
Aim: Nessos, wielding a +2 longbow of flaming and wearing a +2 centaur barding of stealth (fast)
The mass of ice explodes!
The iceblast engulfs Nessos.
Nessos is lightly wounded.
You feel sick.
Nessos shoots an arrow.
The arrow hits you!!
* * * LOW HITPOINT WARNING * * *
The arrow burns you!
You are more poisoned.
* * * LOW HITPOINT WARNING * * *
Nessos shoots an arrow.
The arrow barely misses you.
Okay, then.
You fail to use your ability.
You feel very sick.
Nessos unwields a +2 longbow of flaming.
It stops flaming.
Nessos hits you.
* * * LOW HITPOINT WARNING * * *
Nessos hits you.
You die...

,,,,,,,,,,,,,******,,,,,,,,,,,,**
,,,,,,,,,,,,,,,,,,,,,,,,,,,,,,,,,
,,,,,,,,,,,,,,,,,,,,,,,,,,,,,,,,,
,,****+##########***+************
,,*,,,,..^....(.#,,,,**,,,,,,,,,,
*,*,,,,.........#,,,,**,,,,,,,,,,
,,+,,,,.........#,,,,**,,,,,,,,,,
,,*****####...#c#######,,,**,****
,,,,,,,,,,#...#.@.....#,,,**,*###
,,,,,,*,,,#..c#..(.)).#,,,,,,*#..
,,,,,,*,,,#...#.####..#,,,,,,*#..
,,,,,,,,,,#...#.####.[#,,,,,,*#..
,,,,,,,,,,#####.......##########.
,,,,,,,,,** #######..........#.
,,,,,,,,,* #.##.>.....#.
,,,,,,,,,* #.##.......#.
,,,,,,,,,* #.##.......#.


You could see Nessos.

Vanquished Creatures
  2 hippogriffs
  Sigmund (D:4)
  Eustachio (D:5)
  A water moccasin (D:10)
  An ice beast (D:5)
  An orc warrior (D:7)
  4 sky beasts
  An ogre (D:9)
  A wolf (D:7)
  A bullfrog (D:12)
  A gnoll sergeant (D:5)
  4 wights (D:12)
  A crimson imp (D:9)
  An orc priest (D:9)
  A centaur skeleton (D:6)
  2 bullfrog skeletons (D:4)
  An iguana (D:5)
  A merfolk siren (Sewer)
  5 orc wizards
  A merfolk avatar (Sewer)
  2 worker ants
  A hound skeleton (D:8)
  3 gnolls (D:5)
  9 adders
  A river rat (D:5)
  A shadow imp (D:8)
  An ooze (D:1)
  An adder skeleton (D:10)
  3 worms (D:5)
  A dart slug (D:1)
  4 leopard geckos
  15 orcs
  6 ball pythons
  4 giant cockroaches
  A goblin (D:3)
  5 jackals
  A kobold (D:1)
  2 quokkas
  5 frilled lizards
  A jackal zombie (D:5)
  25 rats
124 creatures vanquished.

Notes
Turn   | Place    | Note
-------+----------+-------------------------------------------
     0 | D:1      | emperorscorpion the Minotaur Berserker began the quest for
                  | the Orb.
     0 | D:1      | Reached XP level 1. HP: 19/19 MP: 0/0
    32 | D:1      | Reached skill level 4 in Axes
    32 | D:1      | Reached XP level 2. HP: 27/27 MP: 1/1
    79 | D:2      | Reached XP level 3. HP: 33/33 MP: 2/2
   249 | D:4      | Noticed Sigmund
   257 | D:4      | Killed Sigmund
   257 | D:4      | Reached skill level 5 in Fighting
   257 | D:4      | Reached skill level 5 in Axes
   257 | D:4      | Reached XP level 4. HP: 42/42 MP: 3/3
   257 | D:4      | Reached XP level 5. HP: 48/48 MP: 4/4
   346 | D:4      | Found a sparkling altar of Nemelex Xobeh.
   360 | D:5      | Entered Level 5 of the Dungeon
   365 | D:5      | Noticed Eustachio
   371 | D:5      | Reached XP level 6. HP: 40/57 MP: 5/5
   397 | D:4      | Reached ** piety under Trog
   557 | D:5      | Reached skill level 6 in Axes
   592 | D:5      | Noticed an ice beast
   622 | D:5      | Killed Eustachio
   622 | D:5      | Reached skill level 7 in Axes
   622 | D:5      | Reached XP level 7. HP: 64/64 MP: 6/6
   700 | D:5      | Found a glowing drain.
   707 | Sewer    | Entered a sewer
   844 | Sewer    | Reached *** piety under Trog
   904 | Sewer    | Reached skill level 8 in Axes
  1143 | D:8      | Reached XP level 8. HP: 73/73 MP: 7/7
  1145 | D:8      | Noticed a two-headed ogre
  1187 | D:8      | Noticed Grum
  1217 | D:7      | Reached skill level 1 in Throwing
  1281 | D:8      | Reached skill level 5 in Armour
  1282 | D:8      | Reached skill level 9 in Axes
  1288 | D:8      | Noticed a hippogriff
  1308 | D:8      | Killed a hippogriff
  1308 | D:8      | Reached skill level 1 in Stealth
  1350 | D:9      | Noticed a hippogriff
  1356 | D:9      | Killed a hippogriff
  1397 | D:9      | Reached **** piety under Trog
  1431 | D:9      | Reached XP level 9. HP: 16/81 MP: 8/8
  1450 | D:9      | Noticed a jumping spider
  1454 | D:9      | Noticed a lindwurm
  1454 | D:9      | a jumping spider changed into a lindwurm
  1455 | D:9      | Found a hide-covered altar of Uskayaw.
  1479 | D:10     | Entered Level 10 of the Dungeon
  1599 | D:12     | Reached skill level 10 in Axes
  1663 | D:12     | Noticed Nessos
  1672 | D:12     | HP: 2/81 [Nessos (6)]
  1672 | D:12     | Slain by Nessos

Levels and vault maps discovered:
D:1:      saegor_arrival_simple_a, layout_basic,
          wander_ebering_terrifying_dragon_lair
D:2:      layout_loops_ring, marbit_many_paths, first_ration,
          dk_yredelemnul_ordeal, uniq_jessica
D:3:      layout_loops_ring
D:4:      layout_loops_ring, nemelex_xobeh_ov_fountains_minmay, uniq_sigmund,
          uniq_crazy_yiuf_cottage
D:5:      layout_loops_ring, lightli_sewer_entry_pipes, uniq_eustachio,
          uniq_ijyb
D:6:      layout_basic, tgw_sif, fedhas_ov_isle_minmay,
          minmay_temple_entry_statues_fountains
D:7:      layout_cave_pools, ebering_ghost_inner_flame,
          nicolae_ru_sacrificial_ziggurat
D:8:      layout_basic, tso_oasis_becter, uniq_grum
D:9:      layout_rooms, nicolae_gozag_cash_rules_everything_around_me,
          gammafunk_temple_overflow_arena, erik_orc_2, grunt_livestock
D:10:     minmay_the_grid_four_pointed_star_mashed
          [minmay_the_grid_triangle_9x9_subtriangle,
          minmay_the_grid_triangle_9x9_shrine,
          minmay_the_grid_triangle_9x9_from_above,
          minmay_the_grid_triangle_9x9_impossible_snake,
          minmay_the_grid_prize_four_corners], layout_stronghold,
          david_lair_shrubbed, serial_column_ruins, column_ruins_open_tiny,
          column_ruins_grid_3, column_ruins_corridor_straight,
          column_ruins_columns_corner, column_ruins_open_medium,
          column_ruins_grid_2, column_ruins_columns_dead_end,
          lightli_orcish_oven, uniq_joseph
D:11:     layout_cave_pools, uniq_josephine
D:12:     layout_stronghold, portal_ice_cave_rime, kennysheep_generic_room_6,
          uniq_nessos

Skill      XL: |  1  2  3  4  5  6  7  8  9 |
---------------+----------------------------+-----
Axes           | 4 5 7 8 9 10 | 10.1
Fighting       | 4 5 6 7 8 |  8.1
Armour         | 3 4 6 |  6.8
Dodging        | 3 4 |  4.8
Throwing       | 1 |  1.9
Stealth        | 1 |  1.5

Action                   |  1- 3 |  4- 6 |  7- 9 || total
-------------------------+-------+-------+-------++-------
Melee: Hand axe          |    21 |    65 |   248 ||   334
       Headbutt          |     6 |    12 |    39 ||    57
Throw: Dart              |       |     3 |    18 ||    21
       Boomerang         |       |       |     3 ||     3
Invok: Berserk           |     2 |     5 |     9 ||    16
       Trog's Hand       |       |       |     1 ||     1
Evoke: Wand              |       |       |     1 ||     1
  Use: Scroll            |     1 |       |     5 ||     6
       Potion            |       |     1 |     7 ||     8
 Stab: Invisible         |       |       |     2 ||     2
  Eat: Chunk             |       |     3 |     8 ||    11
       Ration            |       |     1 |     1 ||     2
Armor: Animal skin       |     1 |     1 |       ||     2
       Chain mail        |       |    23 |   107 ||   130
       Skin              |       |       |    34 ||    34
Dodge: Dodged            |     9 |    39 |    79 ||   127

Table legend:
 A = Non-vault XP
 B = Vault XP
 C = Vault XP percentage of total XP
 D = Non-vault monster count
 E = Vault monster count
 F = Vault count percentage of total count
                 A         B        C        D         E       F
            +---------+---------+-------+---------+---------+-------
      Total |    2697 |     701 |  20.6 |      78 |      46 |  37.1
            +---------+---------+-------+---------+---------+-------
        D:1 |      15 |       0 |   0.0 |       4 |       0 |   0.0
        D:2 |      28 |       0 |   0.0 |       3 |       0 |   0.0
        D:3 |       8 |       0 |   0.0 |       5 |       0 |   0.0
        D:4 |     106 |     227 |  68.2 |       9 |       1 |  10.0
        D:5 |     573 |     222 |  27.9 |      21 |       6 |  22.2
        D:6 |      53 |       0 |   0.0 |       2 |       0 |   0.0
        D:7 |     158 |     115 |  42.1 |       7 |       1 |  12.5
        D:8 |     647 |       0 |   0.0 |      12 |       0 |   0.0
        D:9 |     635 |       0 |   0.0 |       8 |       0 |   0.0
       D:10 |     150 |       0 |   0.0 |       2 |       0 |   0.0
       D:12 |     324 |       0 |   0.0 |       5 |       0 |   0.0
      Sewer |       0 |     137 | 100.0 |       0 |      38 | 100.0
            +---------+---------+-------+---------+---------+-------
